 Dungeon Crawl Stone Soup version 0.23-a0-819-g6debee6 (console) character file.

57 bli the Insei (level 3, 0/29 HPs)
             Began as a Demonspawn Monk on Jan 22, 2019.
             Slain by an adder (3 damage)
             ... on level 2 of the Dungeon.
             The game lasted 00:04:10 (1190 turns).

bli the Insei (Demonspawn Monk)                     Turns: 1190, Time: 00:04:12

Health: 0/29       AC:  2    Str:  8 (11) XL:     3   Next: 73%
Magic:  3/3        EV: 13    Int: 10 (11) God:
Gold:   138        SH:  0    Dex: 15 (16) Spells: 2/2 levels left

rFire    . . .     SeeInvis .     - Unarmed
rCold    . . .     Gourm    .   (no shield)
rNeg     . . .     Faith    .   a - +0 robe
rPois    .         Spirit   .   (no helmet)
rElec    .         Reflect  .   (no cloak)
rCorr    .         Harm     .   (no gloves)
MR       .....                  (no boots)
Stlth    ++........             (no amulet)
HPRegen  0.09/turn              (no ring)
MPRegen  0.08/turn              (no ring)

@: lethally poisoned (0 -> -5)
A: claws 1
a: no special abilities


You were on level 2 of the Dungeon.
You were not hungry.

You visited 1 branch of the dungeon, and saw 2 of its levels.

You collected 138 gold pieces.

Inventory:

Hand Weapons
 l - a +0 hunting sling of freezing
Missiles
 g - 43 stones (quivered)
Armour
 a - a +0 robe (worn)
 d - a +0 leather armour
Scrolls
 f - 3 scrolls of identify {unknown}
 h - a scroll of fog {unknown}
 j - a scroll of teleportation {unknown}
 m - a scroll of enchant weapon {unknown}
Potions
 e - a potion of agility {unknown}
 i - a potion of degeneration
 k - a potion of might {unknown}
Comestibles
 b - 2 rations
 c - 10 chunks of flesh


   Skills:
 + Level 3.0 Fighting
 * Level 2.7 Dodging
 - Level 1.7 Stealth
 * Level 4.2 Unarmed Combat


You had 2 spell levels left.
You didn't know any spells.
Your spell library was empty.

Dungeon Overview and Level Annotations

Branches:
Dungeon (2/15)

Altars:


Innate Abilities, Weirdness & Mutations

You have sharp fingernails.


Message History

You barely miss the hobgoblin.
You feel sick. The adder barely misses you. The hobgoblin barely misses you.
You scratch the adder.
The adder is severely wounded.
The adder bites you.
* * * LOW HITPOINT WARNING * * *
The adder bites you.
* * * LOW HITPOINT WARNING * * *
You are lethally poisoned!
The adder poisons you! The hobgoblin barely misses you.
* * * LOW HITPOINT WARNING * * *
You feel sick.
You barely miss the adder.
The adder is severely wounded.
The adder bites you but does no damage.
It was a potion of degeneration.
There was something very wrong with that liquid.
You feel weakened.
You feel dopey.
You feel clumsy.
* * * LOW HITPOINT WARNING * * *
You feel sick. The adder bites you.
You die...

.. ####.##.# #. #.#
#....##.# #. #.# #....##.#
##. #.# #...###.# #.. ####.#
##......#### #.# ....#
#..#......# #.#
#..#######..#.####.# #.#
##<.#..........# #.# #.#
#..........>.### #.# #.#
#......S###>.# #.###.#
#.......@....# ###.##...
#.#.....###..####...##..#
#.#.....# #..#.......#..#
#.#)#.### #..#.#####.#..#
......#####..#.# #.#..# #
...........÷...# #.....
...#.#########.##.# #.#.##
##<#. #.##.#####.#.##
#....#########.##.....÷÷...#
#.......S....#####.##.###.
...##...####### #.#.## ##


You could see an adder.

Vanquished Creatures
  2 oozes (D:2)
  2 dart slugs (D:2)
  3 leopard geckos
  4 bats
  2 giant cockroaches (D:1)
  6 goblins
  9 hobgoblins
  2 ball pythons
  3 frilled lizards
  2 kobolds
  2 rats (D:1)
37 creatures vanquished.

Notes
Turn   | Place    | Note
-------+----------+-------------------------------------------
     0 | D:1      | bli the Demonspawn Monk began the quest for the Orb.
     0 | D:1      | Reached XP level 1. HP: 18/18 MP: 1/1
    25 | D:1      | Reached skill level 3 in Unarmed Combat
   109 | D:1      | Gained mutation: You have sharp fingernails. [demonic
                  | ancestry]
   109 | D:1      | Reached XP level 2. HP: 17/24 MP: 2/2
   776 | D:1      | Reached XP level 3. HP: 19/29 MP: 3/3
   946 | D:2      | Reached skill level 4 in Unarmed Combat
  1190 | D:2      | Slain by an adder

Vault maps used:
D:1:      scummos_arrival_checkerplants
D:2:      overflow_temple_1_default, uniq_natasha, uniq_sigmund

Skill      XL: |  1  2  3 |
---------------+----------+-----
Unarmed Combat | 3 4 |  4.2
Fighting       | |  3.0
Dodging        | |  2.7
Stealth        | |  1.7

Action                   || total
-------------------------++-------
Melee: Unarmed           ||   142
       Punch             ||     1
  Use: Potion            ||     1
 Stab: Sleeping          ||     5
  Eat: Chunk             ||     1
Armor: Robe              ||    22
Dodge: Dodged            ||    90

Table legend:
 A = Non-vault XP
 B = Vault XP
 C = Vault XP percentage of total XP
 D = Non-vault monster count
 E = Vault monster count
 F = Vault count percentage of total count
                 A         B        C        D         E       F
            +---------+---------+-------+---------+---------+-------
      Total |      82 |       0 |   0.0 |      37 |       0 |   0.0
            +---------+---------+-------+---------+---------+-------
        D:1 |      42 |       0 |   0.0 |      24 |       0 |   0.0
        D:2 |      40 |       0 |   0.0 |      13 |       0 |   0.0
            +---------+---------+-------+---------+---------+-------
